 Dungeon Crawl Stone Soup version 0.23.2-1-ga50397a (webtiles) character file.

Game seed: 3765516484494511503

405 xveg the Grave Robber (level 6, -3/41 HPs)
             Began as a Mummy Necromancer on May 8, 2019.
             Slain by a phantom (10 damage)
             ... on level 5 of the Dungeon.
             The game lasted 00:22:18 (3779 turns).

xveg the Grave Robber (Mummy Necromancer)           Turns: 3779, Time: 00:22:19

Health: -3/41      AC:  3    Str: 11    XL:     6   Next: 56%
Magic:  14/14      EV: 13    Int: 16    God:
Gold:   235        SH:  0    Dex: 13    Spells: 7/16 levels left

rFire    . . .     SeeInvis .   c - +2 hunting sling (velocity)
rCold    . . .     Gourm    .   (no shield)
rNeg     + + +     Faith    +   q - +1 robe (curse)
rPois    ∞         Spirit   .   (no helmet)
rElec    .         Reflect  .   (no cloak)
rCorr    .         Harm     .   (no gloves)
MR       .....                  (no boots)
Stlth    ++........             i - amulet of faith
HPRegen  0.13/turn              f - ring of fire
MPRegen  0.14/turn              (no ring)

@: no status effects
A: no food or potions, fire vulnerability, cold resistance 1, negative energy
resistance 3, torment resistance, unbreathing
a: no special abilities


You were on level 5 of the Dungeon.
You were not hungry.

You visited 1 branch of the dungeon, and saw 5 of its levels.

You collected 235 gold pieces.

Inventory:

Hand Weapons
 c - a +2 hunting sling of velocity (weapon)
 e - a +0 hand axe
Missiles
 g - 4 curare-tipped needles
 h - a stone (quivered)
Armour
 a - a +0 robe
 b - a +0 leather armour
 d - a +0 leather armour
 m - a +0 robe of fire resistance
 q - a cursed +1 robe (worn)
 r - a +0 helmet
Jewellery
 f - a ring of fire (left hand)
 i - an amulet of faith (around neck)
Wands
 j - a wand of enslavement (10)
 p - a wand of polymorph (6)
Scrolls
 l - 2 scrolls of immolation
 n - 5 scrolls of teleportation


   Skills:
 * Level 2.8 Dodging
 + Level 2.1 Stealth
 * Level 5.5 Spellcasting
 * Level 5.8 Necromancy


You had 7 spell levels left.
You knew the following spells:

 Your Spells              Type           Power        Failure   Level  Hunger
a - Pain                  Necr           ###.         1%          1    N/A
b - Animate Skeleton      Necr           N/A          1%          1    N/A
c - Animate Dead          Necr           N/A          13%         4    N/A
d - Vampiric Draining     Necr           ###.......   3%          3    N/A

Your spell library contained the following spells:

 Spells                   Type           Power        Failure   Level  Hunger
 Regeneration             Chrm/Necr      Unusable     N/A         3    N/A

Dungeon Overview and Level Annotations

Branches:
Dungeon (5/15)
 Temple: D:4-7

Altars:
Okawaru


Innate Abilities, Weirdness & Mutations

You do not eat or drink.
Your flesh is vulnerable to fire.
You are immune to poison.
Your flesh is cold resistant. (rC+)
You are immune to negative energy. (rN+++)
You are immune to unholy pain and torment.
You can survive without breathing.


Message History

Press: ? - help, Shift-Dir - straight line, f/p - phantom
Aim: a phantom (almost destroyed)
You can't drain life from that!
Casting: Vampiric Draining (safe; 3% risk of failure)
Confirm with . or Enter, or press ? or * to list all spells.
Aiming: Vampiric Draining (safe; 3% risk of failure)
Press: ? - help, Shift-Dir - straight line, f/p - phantom
Aim: a phantom (almost destroyed)
You can't drain life from that!
Firing (i - inventory)
h - 3 stones (quivered)
Press: ? - help, Shift-Dir - straight line, f/p - phantom
Aim: a phantom (almost destroyed)
You shoot a stone. The stone misses the phantom.
The phantom hits you!
* * * LOW HITPOINT WARNING * * *
Unknown command.
Firing (i - inventory)
h - 2 stones (quivered)
Press: ? - help, Shift-Dir - straight line, f/p - phantom
Aim: a phantom (almost destroyed)
You shoot a stone. The stone barely misses the phantom.
The phantom hits you!
You die...

#%..# #...# #(.(.
##..# #...# #(.##
##...# #...# ##..(#
#(..# #..(.#
.######...####....#
.....(...(.##...W#
....((....(((...@#
....#####....(.......#
.... #.....((.(...##
... #.....#..(..## ...
.....###.....# #.
.....## ##(...# ##
....### ##(..# ...#
##..#


You could see a phantom.

Vanquished Creatures
  2 ogres (D:4)
  A crimson imp (D:5)
  Ijyb (D:4)
  A worker ant (D:5)
  5 adders
  A worm (D:2)
  2 dart slugs
  5 orcs (D:4)
  4 giant cockroaches
  10 goblins
  2 hobgoblins
  7 jackals
  2 quokkas
  5 bats
  4 frilled lizards
  2 kobolds (D:2)
  A quokka skeleton (D:4)
  7 rats
62 creatures vanquished.

Vanquished Creatures (collateral kills)
  A bullfrog skeleton (D:4)
  An iguana (D:4)
  An ooze (D:3)
  An orc (D:4)
  A bat (D:2)
  A goblin (D:1)
  A jackal (D:2)
  A quokka (D:2)
  A rat (D:2)
9 creatures vanquished.

Grand Total: 71 creatures vanquished

Notes
Turn   | Place    | Note
-------+----------+-------------------------------------------
     0 | D:1      | xveg the Mummy Necromancer began the quest for the Orb.
     0 | D:1      | Reached XP level 1. HP: 13/13 MP: 4/4
    48 | D:1      | Learned a level 1 spell: Animate Skeleton
   363 | D:1      | You fall through a shaft!
   624 | D:1      | Reached XP level 2. HP: 17/19 MP: 5/5
  1345 | D:2      | Reached XP level 3. HP: 24/24 MP: 7/7
  1962 | D:2      | Reached XP level 4. HP: 30/30 MP: 7/9
  2638 | D:3      | Reached skill level 5 in Necromancy
  3017 | D:4      | Reached XP level 5. HP: 35/35 MP: 9/11
  3027 | D:4      | Noticed an ogre
  3032 | D:4      | Killed an ogre
  3233 | D:4      | Noticed an ogre
  3252 | D:4      | Killed an ogre
  3252 | D:4      | Reached skill level 5 in Spellcasting
  3252 | D:4      | Reached XP level 6. HP: 41/41 MP: 10/14
  3280 | D:4      | Learned a level 4 spell: Animate Dead
  3284 | D:4      | Learned a level 3 spell: Vampiric Draining
  3441 | D:4      | Noticed Ijyb
  3452 | D:4      | Killed Ijyb
  3502 | D:4      | Found an iron altar of Okawaru.
  3672 | D:5      | Entered Level 5 of the Dungeon
  3779 | D:5      | Slain by a phantom

Skill      XL: |  1  2  3  4  5 |
---------------+----------------+-----
Spellcasting   | 3 4 5 |  5.5
Dodging        | 2 |  2.8
Stealth        | 2 |  2.1
Necromancy     | 5 |  5.8

Action                   |  1- 3 |  4- 6 || total
-------------------------+-------+-------++-------
Melee: Hand axe          |     2 |       ||     2
 Fire: Hunting sling     |    69 |   125 ||   194
 Cast: Pain              |     7 |    25 ||    32
       Animate Skeleton  |    13 |    11 ||    24
       Animate Dead      |       |     3 ||     3
       Vampiric Draining |       |     1 ||     1
  Use: Scroll            |       |     8 ||     8
 Stab: Sleeping          |     1 |       ||     1
Armor: Leather armour    |    15 |       ||    15
       Robe              |       |     9 ||     9
Dodge: Dodged            |    24 |    28 ||    52
